 Dungeon Sprint DCSS version 0.31-a0-152-g6aa68a64a1 (webtiles) character file.

Game seed: 6818711553853794427

297 zazu2006 the Geomancer (level 6, -3/51 HPs)
             Began as a Gnoll Wanderer on June 10, 2023.
             Was an Initiate of Vehumet.
             Succumbed to Sonja's poison
             ... in the Dungeon (Sprint I: "Red Sonja").
             The game lasted 00:02:04 (309 turns).

zazu2006 the Geomancer (Gnoll Wanderer)              Turns: 309, Time: 00:02:05

Health: -3/51      AC:  7    Str: 10    XL:     6   Next: 35%
Magic:  14/14      EV: 11    Int: 16    God:    Vehumet [......]
Gold:   309        SH:  0    Dex: 10    Spells: 14/15 levels left

rFire   . . .        a - +0 club
rCold   . . .        (no shield)
rNeg    . . .        c - +0 ring mail
rPois   .            (no helmet)
rElec   .            m - +0 cloak
rCorr   .            (no gloves)
SInv    .            (no boots)
Will    .....        (no amulet)
Stlth   ++           (no ring)
HPRegen 0.28/turn    (no ring)
MPRegen 0.14/turn

%: no teleportation
@: lethally poisoned (-3 -> -75)
A: fangs 1, strong nose, distributed training
a: Renounce Religion


You were in the Dungeon.
You worshipped Vehumet.
Vehumet was noncommittal.
You visited 1 branch You collected 309 gold pieces.

Inventory:

Hand Weapons
 a - a +0 club (weapon)
Armour
 c - a +0 ring mail (worn)
 l - a +2 robe of positive energy
 m - a +0 cloak (worn)
Wands
 j - a wand of paralysis (3)
Scrolls
 i - a scroll of blinking
Potions
 b - a potion of brilliance
 d - 2 potions of curing
 e - a potion of heal wounds
 f - a potion of haste
 g - 2 potions of magic
 h - a potion of berserk rage
 k - a potion of mutation {unknown}


   Skills:
 + Level 5.3 Fighting
 + Level 4.6 Short Blades
 + Level 4.6 Long Blades
 + Level 4.6 Axes
 + Level 4.6 Maces & Flails
 + Level 4.6 Polearms
 + Level 4.6 Staves
 + Level 4.6 Ranged Weapons
 + Level 4.6 Throwing
 + Level 6.6 Armour
 + Level 5.3 Dodging
 + Level 4.6 Stealth
 + Level 4.6 Shields
 + Level 4.6 Unarmed Combat
 + Level 5.4 Spellcasting
 + Level 4.4 Conjurations
 + Level 3.8 Hexes
 + Level 3.8 Summonings
 + Level 3.8 Necromancy
 + Level 3.8 Translocations
 + Level 3.8 Transmutations
 + Level 3.8 Fire Magic
 + Level 3.8 Ice Magic
 + Level 3.8 Air Magic
 + Level 8.1 Earth Magic
 + Level 3.8 Poison Magic
 + Level 5.1 Invocations
 + Level 4.6 Evocations


You had 14 spell levels left.
You knew the following spells:

 Your Spells              Type           Power      Damage    Failure   Level
a - Sandblast             Erth           60%        2d14      1%          1

Your spell library contained the following spells:

 Spells                   Type           Power      Damage    Failure   Level
 Passwall                 Tmut/Erth      19%        N/A       4%          2
 Shock                    Conj/Air       68%        1d7       6%          1
 Dazzling Flash           Conj/Hex       34%        N/A       19%         3
 Petrify                  Tmut/Erth      23%        N/A       28%         4


Dungeon Overview and Level Annotations

Branches:
Dungeon (1/1)

Altars:
Sif Muna
Vehumet
Wu Jian

Annotations:
D Sonja


Innate Abilities, Weirdness & Mutations

You have very sharp teeth.
Your uncanny sense of smell can sniff out nearby items.
Your experience applies equally to all skills.


Message History

You hit Sonja. Your bite misses Sonja.
Sonja is lightly wounded.
Sonja hits you with a +1 short sword of venom.
You are poisoned.
Sonja hits you with a +1 short sword of venom.
You are more poisoned.
Sonja hits you with a +1 short sword of venom!
You are more poisoned.
Unknown command.
Aiming: Paralyse
Press: ? - help, Shift-Dir - straight line, f - Sonja
Aim: Sonja, wielding a +1 short sword of venom and quivering curare-tipped darts (lightly wounded, chance to affect: 69%) Sonja struggles to resist.
You feel extremely sick.
Sonja hits you with a +1 short sword of venom.
You are lethally poisoned!
Sonja hits you with a +1 short sword of venom.
You are more poisoned.
Sonja hits you with a +1 short sword of venom.
You are more poisoned.
Aiming: Paralyse
Press: ? - help, Shift-Dir - straight line, f/p - Sonja
Aim: Sonja, wielding a +1 short sword of venom and quivering curare-tipped darts (lightly wounded, chance to affect: 69%) Sonja struggles to resist.
You feel extremely sick.
Sonja says, "I'm academy-trained, you know."
Sonja misses you. x2; Sonja closely misses you.
Sonja hits you with a +1 short sword of venom.
* * * LOW HITPOINT WARNING * * *
You are more poisoned.
Sonja hits you with a +1 short sword of venom.
* * * LOW HITPOINT WARNING * * *
You are more poisoned.
Sonja hits you but does no damage.
You are more poisoned.
Aiming: Paralyse
Press: ? - help, Shift-Dir - straight line, f/p - Sonja
Aim: Sonja, wielding a +1 short sword of venom and quivering curare-tipped darts (lightly wounded, chance to affect: 69%) Sonja suddenly stops moving!
You die...

#..#####'#####'#
#..# #..#...#.#
∆∆ #..#
####..##.# #..#
##'#_.+ #⌠⌠#
+..._# ####
#_.#'# ∆∆
##'#.#∆∆∆∆
##.### ∆ +$@$+∆∆
∆∆ ∆ #$K$# ##.##
∆#+#∆ ∆∆∆∆∆
∆∆∆∆∆ ∆∆∆∆


You could see Sonja (paralysed).

Vanquished Creatures
  Sigmund (D)
  An ogre (D)
  A jelly (D)
  Ijyb (D)
4 creatures vanquished.

Notes
Turn   | Place    | Note
-------+----------+-------------------------------------------
     0 | D        | zazu2006 the Gnoll Wanderer began the quest for the Orb.
     0 | D        | zazu2006 set off with the following items: a +0 club, a
                  | potion of brilliance, a +0 ring mail, a potion of curing, a
                  | potion of heal wounds, a potion of haste, 2 potions of
                  | magic, a potion of berserk rage, a scroll of blinking; and
                  | the following spells available to memorise: Sandblast,
                  | Passwall, Shock, Dazzling Flash, Petrify.
     0 | D        | Reached XP level 1. HP: 17/17 MP: 4/4
     2 | D        | Learned a level 1 spell: Sandblast
     4 | D        | Noticed Ijyb
     7 | D        | Killed Ijyb
     8 | D        | Reached skill level 1 in Short Blades
     8 | D        | Reached skill level 1 in Long Blades
     8 | D        | Reached skill level 1 in Axes
     8 | D        | Reached skill level 1 in Maces & Flails
     8 | D        | Reached skill level 1 in Polearms
     8 | D        | Reached skill level 1 in Staves
     8 | D        | Reached skill level 1 in Ranged Weapons
     8 | D        | Reached skill level 1 in Throwing
     8 | D        | Reached skill level 1 in Stealth
     8 | D        | Reached skill level 1 in Shields
     8 | D        | Reached skill level 1 in Unarmed Combat
     8 | D        | Reached skill level 1 in Hexes
     8 | D        | Reached skill level 1 in Summonings
     8 | D        | Reached skill level 1 in Necromancy
     8 | D        | Reached skill level 1 in Translocations
     8 | D        | Reached skill level 1 in Transmutations
     8 | D        | Reached skill level 1 in Fire Magic
     8 | D        | Reached skill level 1 in Ice Magic
     8 | D        | Reached skill level 1 in Air Magic
     8 | D        | Reached skill level 1 in Poison Magic
     8 | D        | Reached skill level 1 in Evocations
     8 | D        | Reached XP level 2. HP: 21/24 MP: 1/6
     8 | D        | Reached XP level 3. HP: 25/29 MP: 1/7
    65 | D        | Noticed an ogre
    77 | D        | Killed an ogre
    78 | D        | Reached skill level 5 in Armour
    78 | D        | Reached XP level 4. HP: 37/37 MP: 8/10
   103 | D        | Noticed Sigmund
   131 | D        | Killed Sigmund
   132 | D        | Reached skill level 5 in Fighting
   132 | D        | Reached skill level 5 in Dodging
   132 | D        | Reached skill level 5 in Spellcasting
   132 | D        | Reached skill level 8 in Earth Magic
   132 | D        | Reached XP level 5. HP: 16/44 MP: 7/12
   132 | D        | Reached XP level 6. HP: 19/51 MP: 8/14
   256 | D        | Found a shimmering blue altar of Sif Muna.
   257 | D        | Found an ornate altar of the Wu Jian Council.
   258 | D        | Found a radiant altar of Vehumet.
   260 | D        | Reached skill level 5 in Invocations
   273 | D        | Became a worshipper of Vehumet
   302 | D        | Noticed Sonja
   309 | D        | Succumbed to Sonja's poison

Illustrated notes

Levels and vault maps discovered:
D:        dungeon_sprint_1 [red_sonja_temple_1, red_sonja_temple_small_1]

Skill      XL: |  1  2  3  4  5  6 |
---------------+-------------------+-----
Fighting       | 3 4 5 |  5.3
Short Blades   | 1 3 4 |  4.6
Long Blades    | 1 3 4 |  4.6
Axes           | 1 3 4 |  4.6
Maces & Flails | 1 3 4 |  4.6
Polearms       | 1 3 4 |  4.6
Staves         | 1 3 4 |  4.6
Ranged Weapons | 1 3 4 |  4.6
Throwing       | 1 3 4 |  4.6
Dodging        | 3 4 5 |  5.3
Stealth        | 1 3 4 |  4.6
Shields        | 1 3 4 |  4.6
Unarmed Combat | 1 3 4 |  4.6
Spellcasting   | 3 4 5 |  5.4
Conjurations   | 2 3 4 |  4.4
Hexes          | 1 2 3 |  3.8
Summonings     | 1 2 3 |  3.8
Necromancy     | 1 2 3 |  3.8
Translocations | 1 2 3 |  3.8
Transmutations | 1 2 3 |  3.8
Fire Magic     | 1 2 3 |  3.8
Ice Magic      | 1 2 3 |  3.8
Air Magic      | 1 2 3 |  3.8
Poison Magic   | 1 2 3 |  3.8
Invocations    | 2 3 4 5 |  5.1
Evocations     | 1 3 4 |  4.6
Armour         | 5 6 |  6.6
Earth Magic    | 8 |  8.1

Action                     |  1- 3 |  4- 6 || total
---------------------------+-------+-------++-------
  Melee: Club              |    11 |    14 ||    25
         Bite              |     3 |     1 ||     4
   Cast: Sandblast         |     3 |     4 ||     7
  Evoke: Wand              |     1 |     8 ||     9
   Stab: Paralysed         |    11 |       ||    11
         Sleeping          |       |     1 ||     1
 Armour: Ring mail         |       |     2 ||     2
  Dodge: Dodged            |     1 |     3 ||     4

Table legend: (Time is in decaauts)
 A = Elapsed time spent in this place.
 B = Non-inter-level travel time spent in this place.
 C = Inter-level travel time spent in this place.
 D = Time resting spent in this place.
 E = Time spent auto-exploring this place.
 F = Levels seen in this place.
 G = Mean time per level.
                   A        B        C        D        E       F      G
               +--------+--------+--------+--------+--------+-----+--------+
         Total |    316 |    316 |      0 |    179 |      0 |   1 |  316.0 |
       Dungeon |    316 |    316 |      0 |    179 |      0 |   1 |  316.0 |
               +--------+--------+--------+--------+--------+-----+--------+

Top non-repeatable levels by time:
       D: 316 daAuts
